 Dungeon Crawl Stone Soup version 0.30-a0-394-g3e4acdb0ae (webtiles) character file.

Game seed: 13047275027886155915

9449 p00ps00p the Cleaver (level 11, -19/102 HPs)
             Began as a Hill Orc Fighter on Dec 6, 2022.
             Was an Initiate of Gozag.
             Demolished by an ettin
             ... wielding a +0 dire flail
              (20 damage)
             ... on level 10 of the Dungeon on Dec 7, 2022.
             The game lasted 00:24:47 (10744 turns).

p00ps00p the Cleaver (Hill Orc Fighter)            Turns: 10744, Time: 00:24:48

Health: -19/102    AC: 24    Str: 27    XL:     11   Next: 46%
Magic:  11/11      EV:  8    Int: 10    God:    Gozag
Gold:   828        SH: 11    Dex: 10    Spells: 10/10 levels left

rFire   . . .      SeeInvis .    v - +6 broad axe
rCold   + . .      Faith    .    c - +0 buckler
rNeg    . . .      Spirit   .    i - +3 chain mail {rPois}
rPois   +          Reflect  +    f - +2 helmet
rElec   .          Harm     .    d - +0 cloak
rCorr   .          Rampage  .    e - +0 pair of gloves
Will    .....                    s - +2 pair of boots of Defiance {Str+3 Int+2}
Stlth   ..........               o - amulet of reflection
HPRegen 0.37/turn                y - ring of protection from cold
MPRegen 0.12/turn                (no ring)

@: gold aura, hasted, very quick
A: no striking features
a: Renounce Religion, Convert to Beogh, Potion Petition, Call Merchant, Bribe
Branch


You were on level 10 of the Dungeon.
You worshipped Gozag.
Gozag was pleased with you.
You visited 3 branches of the dungeon, and saw 12 of its levels.
You also visited: Ossuary.

You collected 1778 gold pieces.
You spent 870 gold pieces at shops.
You paid 80 gold pieces to Gozag.

Inventory:

Hand Weapons
 a - a +1 war axe
 j - a +5 war axe
 v - a +6 broad axe (weapon)
Missiles
 b - 2 curare-tipped darts
 k - 14 poisoned darts (quivered)
 x - 7 silver javelins
Armour
 c - a +0 buckler (worn)
 d - a +0 cloak (worn)
 e - a +0 pair of gloves (worn)
 f - a +2 helmet (worn)
 i - a +3 chain mail of poison resistance (worn)
 s - the +2 pair of boots of Defiance (worn) {Str+3 Int+2}
   (You bought it in a shop on level 10 of the Dungeon)

   Str:       It affects your strength (+3).
   Int:       It affects your intelligence (+2).
Jewellery
 o - an amulet of reflection (around neck)
 y - a ring of protection from cold (left hand)
Wands
 h - a wand of flame (14)
 l - a wand of iceblast (8)
 z - a wand of paralysis (6)
 A - a wand of polymorph (5)
Scrolls
 r - a scroll of magic mapping
 B - a scroll of fear
Potions
 g - 6 potions of curing
 m - a potion of attraction
 n - 7 potions of mutation
 p - 3 potions of flight
 q - a potion of cancellation
 t - 6 potions of brilliance
 u - a potion of haste
 w - a potion of berserk rage {unknown}


   Skills:
 + Level 11.2 Fighting
 + Level 11.8 Axes
 + Level 10.2 Armour
 + Level 10.3 Shields


You had 10 spell levels left.
You didn't know any spells.
Your spell library contained the following spells:

 Spells                   Type           Power      Damage    Failure   Level
 Ensorcelled Hibernation  Hex/Ice        0%         N/A       97%         2
 Dazzling Flash           Conj/Hex       0%         N/A       99%         3
 Hailstorm                Conj/Ice       0%         3d3       99%         3
 Spider Form              Tmut/Pois      0%         N/A       99%         3
 Anguish                  Hex/Necr       0%         N/A       100%        4
 Ice Form                 Ice/Tmut       0%         N/A       100%        4
 Iskenderun's Mystic Bla  Conj/Tloc      0%         2d3       100%        4
 Starburst                Conj/Fire      0%         6d3       100%        6
 Simulacrum               Ice/Necr       Unusable   N/A       N/A         6

Dungeon Overview and Level Annotations

Branches:
Dungeon (10/15)            Temple (1/1) D:5             Orc (1/2) D:10
Ossuary (visited)
   Lair: D:8-11

Altars:
Ashenzari
Cheibriados
Dithmenos
Elyvilon
Fedhas
Gozag
Hepliaklqana
Kikubaaqudgha
Makhleb
Nemelex Xobeh
Okawaru
Qazlal
Ru
Sif Muna
Trog
Uskayaw
Vehumet
Wu Jian
Xom
Yredelemnul
Zin
The Shining One

Shops:
D:2 =   D:3 ?   D:6 =   D:10 [


Message History

You slash the orc!
You kill the orc!
You closely miss the orc. You block the orc's attack.
Unknown command.
You completely miss the orc. You block the orc's attack.
Unknown command.
You hit the orc.
You kill the orc!
Unknown command.
No target in view!
Unknown command.
No target in view!
You now have 822 gold pieces (gained 9).
Things that are here:
a +0 hand axe; a +0 ring mail You now have 828 gold pieces (gained 6).
Things that are here:
a +2 short sword of freezing; a +0 leather armour
There is a staircase to the Orcish Mines here.
You climb downwards.
Welcome back to the Orcish Mines!
The ettin hits you with a +0 dire flail!!
You block the ettin's attack. The orc hits you but does no damage.
You block the orc priest's attack.
There is a staircase back to the Dungeon, spattered with blood here.
The ettin hits you with a +0 dire flail!! x2
* * * LOW HITPOINT WARNING * * *
The orc hits you but does no damage.
The orc priest mumbles some strange prayers to Beogh against you.
Pain shoots through your body!
* * * LOW HITPOINT WARNING * * *
You climb upwards.
Welcome back to the Dungeon!
There is a staircase to the Orcish Mines here.
Read: scroll of fear
Press: ? - help, Q - select action, (/) - cycle Dir - look around, f - activate Look: an orc priest, wielding a +0 club and wearing a +0 leather armour (chance to affect: 97%)
Okay, then.
You feel yourself speed up.
The ettin hits you with a +0 dire flail!!
You die...
Your body crumbles into a pile of gold.

.....#####..#
#...#
#..#####..
###.........#
#...#
#.........
#.........#
#...#
#.>.......
#......)..#
#...#
#...###...
#..####...#
#...# #...#
#... #..#
#...# #...#
#...# #..)
#..# #...#
#...# #...#
#... #..#
#...# #..o#
#...# #...
#..# #...#
#.@C# #...#
#... #..#
#...# #.o.#
#...# #...
#..# #...#
#...# #...#
#... #..#
#...# #...#
#...# #...
#.># #...#
#...# #...#
#... #:.#
#...# #...#
#...# #...
#..# #...#
#...# #...#
#... #..#
#...# #...#
#...# #...
#..# #...#
#...# #...#
#...


You could see an ettin, an orc priest and an orc.

Vanquished Creatures
  Urug (D:10)
  2 gargoyles
  A troll (D:10)
  Grinder (D:3)
  Sigmund (D:6)
  2 wraiths
  17 yaks
  Grum (D:8)
  A steam dragon (D:6)
  An acid dragon (D:10)
  A water moccasin (D:6)
  2 orc warriors
  4 sky beasts
  An ice beast (D:6)
  4 ogres
  4 wolves (D:8)
  5 centaurs
  2 kobold brigands
  2 gnoll sergeants
  A bullfrog (D:7)
  A necrophage (D:5)
  4 scorpions
  11 wights
  4 killer bees
  A howler monkey (D:8)
  A human zombie (Ossuary)
  7 orc priests
  A gnoll bouda (D:6)
  2 hounds
  Crazy Yiuf (D:2)
  7 iguanas
  Natasha (twice) (D:3)
  12 orc wizards
  4 mummies
  Robin (D:3)
  18 gnolls
  6 adders
  2 shadow imps
  2 white imps
  An ufetubus (D:7)
  3 worms
  3 dart slugs
  36 orcs
  8 bats
  4 endoplasms
  5 giant cockroaches
  A gnoll zombie (Ossuary)
  19 goblins
  11 hobgoblins
  8 jackals
  6 quokkas
  4 ball pythons
  5 frilled lizards
  3 hobgoblin zombies (Ossuary)
  11 kobolds
  5 kobold zombies (Ossuary)
  An orc zombie (Ossuary)
  6 rats
281 creatures vanquished.

Vanquished Creatures (collateral kills)
  A bullfrog (D:7)
1 creature vanquished.

Vanquished Creatures (others)
  An orc wizard (D:8)
1 creature vanquished.

Grand Total: 283 creatures vanquished

Notes
Turn   | Place    | Note
-------+----------+-------------------------------------------
     0 | D:1      | p00ps00p the Hill Orc Fighter began the quest for the Orb.
     0 | D:1      | Reached XP level 1. HP: 19/19 MP: 1/1
    84 | D:1      | Reached XP level 2. HP: 19/27 MP: 2/2
   427 | D:1      | Reached XP level 3. HP: 32/33 MP: 3/3
   778 | D:2      | Found Qeviosij's Jewellery Boutique.
   819 | D:2      | Reached XP level 4. HP: 30/40 MP: 4/4
  1380 | D:2      | Found a faded altar of an unknown god.
  1475 | D:2      | Found a runed translucent door.
  1476 | D:2      | Noticed Crazy Yiuf
  1484 | D:2      | Killed Crazy Yiuf
  1555 | D:3      | Noticed Natasha
  1575 | D:2      | Reached XP level 5. HP: 26/47 MP: 5/5
  1702 | D:3      | Killed Natasha
  1703 | D:3      | Reached skill level 5 in Fighting
  1703 | D:3      | Noticed Robin
  1731 | D:2      | Reached XP level 6. HP: 51/56 MP: 6/6
  1787 | D:3      | Killed Robin
  1865 | D:3      | Noticed Natasha
  1875 | D:3      | Killed Natasha
  1876 | D:3      | Reached skill level 5 in Axes
  1955 | D:3      | Found Uxtoenn's Magic Scroll Boutique.
  2128 | D:3      | Noticed Grinder
  2133 | D:3      | Paralysed by Grinder for 2 turns
  2138 | D:3      | Killed Grinder
  2139 | D:3      | Reached skill level 5 in Armour
  2139 | D:3      | Reached skill level 5 in Shields
  2139 | D:3      | Reached XP level 7. HP: 40/62 MP: 7/7
  2879 | D:4      | Found a stormy altar of Qazlal.
  2907 | D:4      | Reached XP level 8. HP: 53/71 MP: 8/8
  3083 | D:5      | Entered Level 5 of the Dungeon
  3123 | D:5      | Found a sand-covered staircase.
  3137 | Ossuary  | Entered an ossuary
  3137 | Ossuary  | Noticed a wraith
  3137 | Ossuary  | Noticed a wraith
  3137 | Ossuary  | Noticed a wraith
  3570 | Ossuary  | Noticed a wraith
  3585 | Ossuary  | Killed a wraith
  4179 | D:5      | Found a staircase to the Ecumenical Temple.
  4191 | Temple   | Entered the Ecumenical Temple
  4205 | Temple   | Became a worshipper of Gozag Ym Sagoz the Greedy
  4852 | D:6      | Found Ceqon's Jewellery Boutique.
  4872 | D:6      | Found a broken altar of Ashenzari.
  4935 | D:6      | Reached XP level 9. HP: 73/79 MP: 9/9
  5198 | D:6      | Noticed Sigmund
  5249 | D:6      | Killed Sigmund
  5550 | D:6      | Found a glowing golden altar of the Shining One.
  5551 | D:6      | Found a burning altar of Makhleb.
  5554 | D:6      | Found an ornate altar of the Wu Jian Council.
  6539 | D:7      | Reached XP level 10. HP: 91/91 MP: 10/10
  6827 | D:7      | Found a shadowy altar of Dithmenos.
  7145 | D:2      | Bought an amulet of reflection for 390 gold pieces
  7612 | D:8      | Noticed Grum
  7644 | D:8      | Reached skill level 10 in Axes
  7651 | D:8      | Killed Grum
  8042 | D:8      | Found a shimmering altar of Xom.
  8946 | D:9      | Noticed a gargoyle
  8949 | D:9      | Killed a gargoyle
  8975 | D:9      | Reached skill level 10 in Fighting
  9115 | D:9      | Found a glowing silver altar of Zin.
  9591 | D:9      | Found a basalt altar of Yredelemnul.
  9619 | D:10     | Entered Level 10 of the Dungeon
  9711 | D:10     | Reached XP level 11. HP: 65/101 MP: 11/11
  9829 | D:10     | Found Hyot's Armour Shoppe.
  9837 | D:10     | Bought the +2 pair of boots of Defiance {Str+3 Int+2} for
                  | 480 gold pieces
 10166 | D:10     | Reached skill level 10 in Shields
 10217 | D:10     | Found a staircase to the Orcish Mines.
 10266 | D:10     | Reached skill level 10 in Armour
 10487 | D:10     | Noticed Urug
 10498 | D:10     | Killed Urug
 10726 | Orc:1    | Entered Level 1 of the Orcish Mines
 10726 | Orc:1    | Noticed an ettin
 10742 | Orc:1    | HP: 5/102 [ettin/+0 dire flail (35)]
 10742 | Orc:1    | HP: 1/102 [orc priest/nerve-wracking pain (4)]
 10744 | D:10     | Demolished by an ettin

Illustrated notes

Levels and vault maps discovered:
D:1:      ebering_trefoil_twist, layout_basic
D:2:      layout_loops_ring, dilly_ecumenical_altar_fadedgnrine, serial_shops,
          shop_statue, uniq_crazy_yiuf_cottage
D:3:      layout_basic, serial_shops, nicolae_shop_statue_plus, uniq_grinder,
          uniq_natasha, uniq_robin
D:4:      layout_rooms, overflow_temple_1_default
D:5:      layout_loops_cross, minmay_temple_entry_junction_2,
          gup_ossuary_entry_pyramid
D:6:      layout_gridville, mainiacjoe_overflow_chevrons,
          grunt_temple_overflow_open, serial_shops, nicolae_shop_stone,
          uniq_sigmund
D:7:      layout_loops_corners, mainiacjoe_overflow_six_doors_small,
          st_stairs_1, chequers_jeans
D:8:      layout_basic, marbit_many_paths, lemuel_flame_loot_1, uniq_grum
D:9:      layout_roguey, zin_statuary, nicolae_overflow_hidden_temple
D:10:     layout_long_grid, orc_0_dummy, serial_shops, shop, minivault_1,
          uniq_urug
Temple:   cyrus_circular_temple
Orc:1:    cheibrodos_orc_arena, layout_caves, serial_shops,
          nicolae_shop_overgrown_old_shop, uniq_harold

Skill      XL: |  1  2  3  4  5  6  7  8  9 10 11 |
---------------+----------------------------------+-----
Axes           | 3 4 5 6 7 9 11 | 11.8
Fighting       | 4 5 6 7 9 10 11 | 11.2
Shields        | 4 5 7 8 9 10 | 10.3
Armour         | 4 5 6 8 9 10 | 10.2

Action                   |  1- 3 |  4- 6 |  7- 9 | 10-12 || total
-------------------------+-------+-------+-------+-------++-------
Melee: War axe           |   104 |   176 |   201 |       ||   481
       Broad axe         |       |       |   132 |   254 ||   386
Evoke: Wand              |       |       |       |    10 ||    10
  Use: Scroll            |     1 |     3 |    18 |     5 ||    27
       Potion            |       |     2 |       |    10 ||    12
Armor: Scale mail        |    44 |   145 |    44 |       ||   233
       Chain mail        |       |       |   184 |   119 ||   303
       Skin              |       |       |       |    17 ||    17
Dodge: Dodged            |    50 |   115 |   137 |    80 ||   382
Block: Buckler           |    25 |    55 |    89 |   151 ||   320
       Reflection        |       |       |       |     7 ||     7

Table legend: (Time is in decaauts)
 A = Elapsed time spent in this place.
 B = Non-inter-level travel time spent in this place.
 C = Inter-level travel time spent in this place.
 D = Time resting spent in this place.
 E = Time spent auto-exploring this place.
 F = Levels seen in this place.
 G = Mean time per level.
                   A        B        C        D        E       F      G
               +--------+--------+--------+--------+--------+-----+--------+
         Total |  10992 |  10187 |    805 |    952 |   6513 |  13 |  845.5 |
       Dungeon |  10210 |   9416 |    794 |    827 |   6069 |  10 | 1021.0 |
        Temple |     72 |     61 |     11 |      0 |     44 |   1 |   72.0 |
  Orcish Mines |      4 |      4 |      0 |      0 |      0 |   1 |    4.0 |
       Ossuary |    705 |    705 |      0 |    125 |    400 |   1 |  705.0 |
               +--------+--------+--------+--------+--------+-----+--------+

Top non-repeatable levels by time:
     D:8: 1559 daAuts
     D:7: 1304 daAuts
    D:10: 1147 daAuts
     D:2: 1135 daAuts
     D:5: 1048 daAuts
     D:6: 966 daAuts
     D:3: 847 daAuts
     D:1: 790 daAuts
     D:4: 736 daAuts
 Ossuary: 705 daAuts
     D:9: 675 daAuts
  Temple: 72 daAuts
   Orc:1: 4 daAuts
